 Dungeon Crawl Stone Soup version 0.29-a0-323-g050149af67 (webtiles) character file.

Game seed: 4056900632011810192

6860 mopl the Cruncher (level 10, -7/72 (82) HPs)
             Began as a Palentonga Gladiator on Apr 10, 2022.
             Mangled by a wight
             ... wielding a +3 great sword
              (20 damage)
             ... on level 9 of the Dungeon.
             The game lasted 00:19:48 (12687 turns).

mopl the Cruncher (Palentonga Gladiator)           Turns: 12687, Time: 00:19:49

HP:   -7/72 (82)    AC: 19    Str: 22    XL:     10   Next: 78%
MP:   10/10         EV:  6    Int:  8    God:
Gold: 222           SH:  0    Dex: 12    Spells: 9/9 levels left

rFire   . . .      SeeInvis +   a - +0 lajatang
rCold   . . .      Faith    +   (shield currently unavailable)
rNeg    . . .      Spirit   .   x - +0 plate armour
rPois   .          Reflect  .   c - +0 helmet
rElec   .          Harm     .   u - +0 cloak
rCorr   .          Rampage  .   (no gloves)
Will    .....                   (no barding)
Stlth   ..........              t - amulet of faith {!P}
HPRegen 0.22/turn               (no ring)
MPRegen 0.12/turn               (no ring)

@: heavily drained, curled up
A: large, rugged brown scales 3, see invisible, deformed body, roll 1, armoured
tail, reflexive curl
a: Rolling Charge


You were on level 9 of the Dungeon.
You visited 2 branches of the dungeon, and saw 9 of its levels.
You also visited: Sewer.

You collected 312 gold pieces.
You spent 90 gold pieces at shops.

Inventory:

Hand Weapons
 a - a +0 lajatang (weapon)
 b - a +0 hunting sling
 g - a +0 quarterstaff
 n - a +3 quarterstaff of chaos
 O - a +1 whip of draining
Missiles
 d - 2 throwing nets (quivered)
 e - a javelin
 f - 279 stones
 p - 5 atropa-tipped darts
 C - 6 boomerangs
 F - 32 poisoned darts
Armour
 c - a +0 helmet (worn)
 u - a +0 cloak (worn)
 x - a +0 plate armour (worn)
Magical Staves
 j - a staff of earth
 m - a staff of air
 D - a staff of cold
Jewellery
 i - a ring of ice
 t - an amulet of faith (around neck) {!P}
Wands
 v - a wand of flame (8)
 B - a wand of polymorph (6)
 K - a wand of digging (3)
 N - a wand of acid (7)
 P - a wand of mindburst (9)
Scrolls
 k - a scroll of torment {unknown}
 o - 5 scrolls of teleportation {unknown}
 r - 3 scrolls of vulnerability {unknown}
 w - 2 scrolls of enchant weapon {unknown}
 y - 2 scrolls of blinking {unknown}
 z - a scroll of summoning {unknown}
 A - a scroll of magic mapping {unknown}
 H - 3 scrolls of fog {unknown}
 L - a scroll of acquirement {unknown}
Potions
 h - a potion of might
 l - 4 potions of curing
 q - 3 potions of brilliance
 E - a potion of cancellation
 G - a potion of lignification {!q}
 I - 3 potions of mutation {unknown}
 M - a potion of ambrosia {unknown}


   Skills:
 + Level 6.5 Fighting
 * Level 9.5 Staves
 + Level 5.0 Throwing
 + Level 5.1 Armour
 + Level 5.8 Dodging
 + Level 5.5 Evocations


You had 9 spell levels left.
You didn't know any spells.
Your spell library contained the following spells:

 Spells                   Type           Power      Damage    Failure   Level
 Freeze                   Ice            0%         1d3       100%        1
 Dazzling Flash           Conj/Hex       0%         N/A       100%        3
 Frozen Ramparts          Ice            0%         1d2       100%        3
 Gell's Gravitas          Tloc           0%         N/A       100%        3
 Lesser Beckoning         Tloc           0%         N/A       100%        3
 Ozocubu's Armour         Ice            0%         N/A       100%        3
 Teleport Other           Tloc           0%         N/A       100%        3
 Hailstorm                Conj/Ice       0%         3d3       100%        4
 Ice Form                 Ice/Tmut       0%         N/A       100%        4
 Iskenderun's Mystic Bla  Conj/Tloc      0%         2d3       100%        4
 Dispersal                Tloc           0%         N/A       100%        6
 Simulacrum               Ice/Necr       0%         N/A       100%        6
 Starburst                Conj/Fire      0%         6d3       100%        6
 Ozocubu's Refrigeration  Ice            0%         4d5       100%        7


Dungeon Overview and Level Annotations

Branches:
Dungeon (7/15)             Temple (1/1) D:5           Sewer (visited)

Altars:
Ashenzari
Cheibriados
Elyvilon
Gozag
Hepliaklqana
Makhleb
Nemelex Xobeh
Ru
Sif Muna
Trog
Uskayaw
Vehumet
Wu Jian
Yredelemnul
Zin
The Shining One
Lugonu


Innate Abilities, Weirdness & Mutations

You are completely covered in rugged brown scales. (AC +3, +7% HP)
You have supernaturally acute eyesight. (SInv)
Armour fits poorly on your strangely shaped body.
You can roll at nearby foes to attack.
You have a long armoured tail.
You curl defensively after being hit. (AC +7*)


Message History

You closely miss the wight. You barely miss the wight.
The wight hits you with a +3 great sword!
You hit the wight.
The wight is lightly damaged.
The wight hits you with a +3 great sword!
You barely miss the wight.
The wight is lightly damaged.
The wight barely misses you.
You barely miss the wight.
The wight is lightly damaged.
The wight closely misses you.
You hit the wight but do no damage.
The wight is lightly damaged.
The wight hits you with a +3 great sword.
You feel drained.
You hit the wight but do no damage.
The wight is lightly damaged.
The wight hits you with a +3 great sword!
You feel drained.
You barely miss the wight.
Your tail-slap misses the wight.
The wight is lightly damaged.
The wight barely misses you.
You hit the wight. You tail-slap the wight.
The wight is moderately damaged.
The wight hits you with a +3 great sword.
You barely miss the wight.
The wight is moderately damaged.
The wight hits you with a +3 great sword!!
* * * LOW HITPOINT WARNING * * *
You feel drained.
* * * LOW HITPOINT WARNING * * *
You barely miss the wight. You tail-slap the wight.
The wight is severely damaged.
The wight hits you with a +3 great sword.
* * * LOW HITPOINT WARNING * * *
You hit the wight.
The wight is almost destroyed.
The wight hits you with a +3 great sword!!
You die...

##.########.........#
#.# #.........# #.#
#.........# #'#
#.........# ...
#.........# ....
#.........# .....
#.........#
.......####.........#
.....zz@.......#####
...[.z####...#.#
..... ##.##.# ....
####.# ... #.# #+ #.#
#.# #.#


You could see 3 wights.

Vanquished Creatures
  Pikel (D:6)
  Joseph (D:7)
  2 kobold demonologists
  Prince Ribbit (D:6)
  3 shadows
  10 yaks
  Eustachio (D:4)
  2 wyverns (D:7)
  Menkaure (D:6)
  3 water moccasins
  An orc warrior (D:5)
  3 sky beasts
  An ice beast (D:6)
  2 black bears
  An ogre (D:6)
  2 centaurs
  2 lemures (D:5)
  A phantom (D:6)
  4 kobold brigands
  Blork the orc (D:4)
  A bullfrog (D:6)
  4 scorpions
  A wight (D:9)
  A howler monkey (D:7)
  A jelly (D:7)
  2 gnoll shamans
  4 orc priests
  Crazy Yiuf (D:4)
  4 hounds
  An iguana (D:5)
  3 orc wizards
  19 gnolls
  8 adders
  5 river rats
  2 white imps
  2 ufetubi
  5 dart slugs
  18 orcs
  4 endoplasms
  A giant cockroach (D:1)
  4 goblins
  5 hobgoblins
  3 jackals (D:1)
  5 quokkas
  16 ball pythons
  5 bats
  A frilled lizard (Sewer)
  36 kobolds
  29 rats
234 creatures vanquished.

Vanquished Creatures (others)
  A wizard (D:6)
  An orc wizard (D:7)
  25 plants
27 creatures vanquished.

Grand Total: 261 creatures vanquished

Notes
Turn   | Place    | Note
-------+----------+-------------------------------------------
     0 | D:1      | mopl the Palentonga Gladiator began the quest for the Orb.
     0 | D:1      | Reached XP level 1. HP: 17/17 MP: 1/1
   297 | D:1      | Reached XP level 2. HP: 23/23 MP: 2/2
   732 | D:1      | Reached XP level 3. HP: 28/28 MP: 3/3
  1367 | D:1      | Reached XP level 4. HP: 32/36 MP: 4/4
  1589 | D:2      | Reached skill level 1 in Armour
  1684 | D:2      | Reached skill level 2 in Throwing
  1743 | D:2      | Reached skill level 1 in Evocations
  2474 | D:3      | Reached skill level 4 in Staves
  2573 | D:3      | Found a faded altar of an unknown god.
  2794 | D:3      | Reached XP level 5. HP: 15/41 MP: 5/5
  3464 | D:4      | Found Zin's Purification Station.
  3473 | D:4      | Found a glowing silver altar of Zin.
  3476 | D:4      | Bought a potion of curing for 90 gold pieces
  3553 | D:4      | Noticed Blork the orc
  3584 | D:4      | Killed Blork the orc
  3585 | D:4      | Reached skill level 3 in Dodging
  3669 | D:4      | Found an ornate altar of the Wu Jian Council.
  3690 | D:4      | Reached XP level 6. HP: 35/49 MP: 6/6
  4081 | D:4      | Noticed Eustachio
  4101 | D:4      | Killed Eustachio
  4102 | D:4      | Reached skill level 3 in Fighting
  4125 | D:4      | Reached skill level 5 in Staves
  4125 | D:4      | Reached skill level 2 in Evocations
  4276 | D:4      | Gained mutation: You curl defensively after being hit. (AC
                  | +7*) [Palentonga growth]
  4276 | D:4      | Reached XP level 7. HP: 40/55 MP: 7/7
  4632 | D:4      | Found a runed translucent door.
  4633 | D:4      | Noticed Crazy Yiuf
  4723 | D:4      | Found a glowing golden altar of the Shining One.
  4807 | D:4      | Found a sparkling altar of Nemelex Xobeh.
  4913 | D:4      | Killed Crazy Yiuf
  4946 | D:5      | Entered Level 5 of the Dungeon
  4959 | D:5      | Reached skill level 2 in Armour
  5325 | D:5      | Found a staircase to the Ecumenical Temple.
  5331 | Temple   | Entered the Ecumenical Temple
  5608 | D:5      | Noticed a kobold demonologist
  5633 | D:5      | Noticed a kobold demonologist
  5635 | D:5      | Noticed a soul eater
  5648 | D:4      | Noticed a red devil
  5649 | D:4      | Killed a kobold demonologist
  5650 | D:4      | Reached skill level 3 in Throwing
  5650 | D:4      | Reached XP level 8. HP: 50/64 MP: 8/8
  5808 | D:5      | Found a hide-covered altar of Uskayaw.
  5846 | D:5      | Noticed a rust devil
  5855 | D:5      | Noticed a hellwing
  5860 | D:5      | Noticed a smoke demon
  5996 | Temple   | Noticed a red devil
  6001 | Temple   | Killed a kobold demonologist
  6002 | Temple   | Reached skill level 4 in Fighting
  6002 | Temple   | Reached skill level 6 in Staves
  6002 | Temple   | Reached skill level 3 in Evocations
  6121 | D:5      | Reached skill level 4 in Dodging
  6183 | D:5      | Reached skill level 3 in Armour
  6913 | D:4      | Reached skill level 7 in Staves
  6913 | D:4      | Reached XP level 9. HP: 62/70 MP: 9/9
  7053 | D:5      | Reached skill level 5 in Fighting
  7053 | D:5      | Reached skill level 4 in Evocations
  7688 | D:6      | Found a bloodstained altar of Trog.
  7688 | D:6      | Noticed Menkaure
  7689 | D:6      | Noticed a wizard
  7706 | D:6      | Killed Menkaure
  7800 | D:6      | Reached skill level 4 in Throwing
  7821 | D:6      | Found a glowing drain.
  7830 | Sewer    | Entered a sewer
  8280 | Sewer    | Reached skill level 4 in Armour
  8601 | D:6      | Reached skill level 8 in Staves
  8601 | D:6      | Reached skill level 5 in Dodging
  9091 | D:6      | Found a radiant altar of Vehumet.
  9119 | D:6      | Noticed Prince Ribbit
  9131 | D:6      | Killed Prince Ribbit
  9467 | D:6      | Reached XP level 10. HP: 74/81 MP: 10/10
  9649 | D:6      | Noticed Pikel
  9848 | D:6      | Killed Pikel
  9875 | D:6      | Killed a wizard
 10114 | D:7      | Noticed Joseph
 10213 | D:6      | Reached skill level 5 in Evocations
 10383 | D:7      | Killed Joseph
 10384 | D:7      | Reached skill level 6 in Fighting
 10723 | D:7      | Found a sacrificial altar of Ru.
 11147 | D:7      | Reached skill level 9 in Staves
 11986 | D:7      | Found a shimmering blue altar of Sif Muna.
 12033 | D:7      | You fall into a shaft and drop 2 floors!
 12067 | D:9      | HP: 3/82 [yak (10)]
 12080 | D:9      | HP: 2/82 [yak (8)]
 12084 | D:9      | Reached skill level 5 in Armour
 12414 | D:9      | Reached skill level 5 in Throwing
 12687 | D:9      | Mangled by a wight

Illustrated notes

Levels and vault maps discovered:
D:1:      dpeg_arrival_ratfight, layout_basic, hangedman_decor_diamond_cutter,
          lexackson_kobold_supper
D:2:      layout_basic
D:3:      layout_loops_ring, shapermc_ecumenical_altar_petra
D:4:      layout_basic, lemuel_coloured_pillars_altar, zin_purify,
          kennysheep_mini_moat, nicolae_wu_jian_wuxing_cycle,
          uniq_crazy_yiuf_cottage, uniq_eustachio, uniq_blork_the_orc
D:5:      layout_cave_pods, lemuel_doored_altar, minmay_temple_entry_hall,
          serial_bayou, serial_bayou_shore_a, serial_bayou_lagoon_a,
          serial_bayou_shore_b, serial_bayou_pond_c
D:6:      layout_loops_corners, nicolae_vehumet_altar_sigil, trog_wizard,
          cheibrodos_sewer_entry_sluice, minivault_19, uniq_pikel,
          uniq_menkaure, uniq_prince_ribbit1
D:7:      layout_layer_cave, mainiacjoe_overflow_chevrons,
          mainiacjoe_overflow_alcove_1, fedhas_altar_decomposition,
          grunt_decor_cap, minmay_small_thing, uniq_joseph
D:9:      layout_loops_corners, nicolae_dithmenos_through_a_glass_darkly,
          xom_confusion_cloud, okawaru_trees_2, lair_entry_dummy,
          solitary_fountain
Temple:   corrupted_temple

Skill      XL: |  1  2  3  4  5  6  7  8  9 10 |
---------------+-------------------------------+-----
Armour         | 1 2 3 4 5 |  5.1
Throwing       | 2 3 4 5 |  5.0
Evocations     | 1 2 3 4 5 |  5.5
Staves         | 4 5 7 8 9 |  9.5
Dodging        | 3 4 5 |  5.8
Fighting       | 3 4 5 6 |  6.5

Action                   |  1- 3 |  4- 6 |  7- 9 | 10-12 || total
-------------------------+-------+-------+-------+-------++-------
Melee: Quarterstaff      |    18 |       |       |       ||    18
       Whip              |    82 |   128 |   463 |   297 ||   970
       Tailslap          |    11 |    12 |    75 |    42 ||   140
       Staff             |    25 |       |       |       ||    25
       Punch             |     1 |       |       |       ||     1
       Lajatang          |       |       |       |    12 ||    12
 Fire: Hunting sling     |       |       |     3 |       ||     3
Throw: Throwing net      |       |       |     4 |       ||     4
 Abil: Rolling Charge    |     3 |     2 |     2 |     1 ||     8
Evoke: Wand              |       |     2 |     2 |     2 ||     6
  Use: Scroll            |       |       |     5 |     2 ||     7
       Potion            |       |       |     3 |     3 ||     6
 Stab: Held in net/web   |       |       |     4 |       ||     4
       Confused          |       |       |       |     1 ||     1
Armor: Leather armour    |    49 |       |       |       ||    49
       Ring mail         |    12 |    13 |       |       ||    25
       Scale mail        |       |    21 |       |       ||    21
       Plate armour      |       |    22 |   264 |   130 ||   416
Dodge: Dodged            |    62 |    36 |    94 |    49 ||   241
Block: Buckler           |     5 |    14 |    55 |    25 ||    99

Table legend: (Time is in decaauts)
 A = Elapsed time spent in this place.
 B = Non-inter-level travel time spent in this place.
 C = Inter-level travel time spent in this place.
 D = Time resting spent in this place.
 E = Time spent auto-exploring this place.
 F = Levels seen in this place.
 G = Mean time per level.
                   A        B        C        D        E       F      G
               +--------+--------+--------+--------+--------+-----+--------+
         Total |  12685 |  12375 |    310 |   4966 |   5080 |  10 | 1268.5 |
       Dungeon |  11679 |  11384 |    295 |   4463 |   4870 |   8 | 1459.9 |
        Temple |    265 |    251 |     14 |    203 |     20 |   1 |  265.0 |
         Sewer |    740 |    740 |      0 |    300 |    189 |   1 |  740.0 |
               +--------+--------+--------+--------+--------+-----+--------+

Top non-repeatable levels by time:
     D:5: 2134 daAuts
     D:4: 2033 daAuts
     D:6: 1762 daAuts
     D:7: 1709 daAuts
     D:1: 1299 daAuts
     D:2: 1102 daAuts
     D:3: 997 daAuts
   Sewer: 740 daAuts
     D:9: 640 daAuts
  Temple: 265 daAuts
